PBL
ATLANTA BRAVES @ SAN DIEGO PADRES
09/19/2052
 
TOP OF THE 1ST
Atlanta Braves batting - Pitching for San Diego Padres : RHP Manny Sánchez
Pitching: RHP Manny Sánchez
Batting: RHB Ramón Sánchez 0-0: Ball
1-0: Swinging Strike
1-1: Called Strike
1-2: Foul Ball, location: 2F
1-2: Foul Ball, location: 2F
1-2: SINGLE (Flyball, 9LM, EV 95.6 MPH)
Batting: LHB Paco Valdés 0-0: Foul Ball, location: 2F
0-1: Foul Ball, location: 2F
0-2: Ball
1-2: Foul Ball, location: 2F
1-2: Strikes out swinging
Batting: RHB Eric Honess 0-0: Ball
1-0: Called Strike
1-1: Foul Ball, location: 2F
1-2: Strikes out swinging
Batting: SHB Lou MacDonald 0-0: Ball
1-0: Fly out, F8 (Flyball, 78S, EV 83.1 MPH)
Top of the 1st over - 0 runs, 1 hit, 0 errors, 1 left on base; Atlanta 0 - San Diego 0
BOTTOM OF THE 1ST
San Diego Padres batting - Pitching for Atlanta Braves : RHP Bob Barnes
Pitching: RHP Bob Barnes
Batting: RHB Bruce Boyer 0-0: Ball
1-0: Swinging Strike
1-1: Swinging Strike
1-2: Strikes out swinging
Batting: LHB Jack MacGruder 0-0: Ball
1-0: Swinging Strike
1-1: Swinging Strike
1-2: Fly out, F9 (Flyball, 9S, EV 86.9 MPH)
Batting: LHB Kata Okada 0-0: Called Strike
0-1: Ball
1-1: Ball
2-1: SINGLE (Line Drive, 78S, EV 94.4 MPH)
Batting: RHB John Howe 0-0: Ball
1-0: Called Strike
1-1: Foul Ball, location: 2F
1-2: Ball
2-2: Foul Ball, location: 2F
2-2: Fly out, F9 (Flyball, 89M, EV 87.5 MPH)
Bottom of the 1st over - 0 runs, 1 hit, 0 errors, 1 left on base; Atlanta 0 - San Diego 0
TOP OF THE 2ND
Atlanta Braves batting - Pitching for San Diego Padres : RHP Manny Sánchez
Batting: RHB Eric Barthold 0-0: Called Strike
0-1: Called Strike
0-2: Ball
1-2: Ball
2-2: Foul Ball, location: 2F
2-2: Foul Ball, location: 2F
2-2: Ball
3-2: Strikes out swinging
Batting: RHB Greg Thomas 0-0: Swinging Strike
0-1: Fly out, F7 (Flyball, 78S, EV 80.0 MPH)
Batting: RHB Rich Robinson 0-0: Ball
1-0: Called Strike
1-1: Ball
2-1: Foul Ball, location: 2F
2-2: Foul Ball, location: 2F
2-2: Foul Ball, location: 2F
2-2: Strikes out looking
Top of the 2nd over - 0 runs, 0 hits, 0 errors, 0 left on base; Atlanta 0 - San Diego 0
BOTTOM OF THE 2ND
San Diego Padres batting - Pitching for Atlanta Braves : RHP Bob Barnes
Batting: LHB Jorge Becerra 0-0: Ball
1-0: Ground out 4-3 (Groundball, 4, EV 90.0 MPH)
Batting: LHB Nelson Parker 0-0: Ball
1-0: Swinging Strike
1-1: Ball
2-1: Called Strike
2-2: Ball
3-2: Strikes out swinging
Batting: RHB Edwin Valstar 0-0: Ball
1-0: DOUBLE (Line Drive, 78D, EV 105.0 MPH)
Batting: RHB Haleem Muthomi 0-0: Ball
1-0: Foul Ball, location: 2F
1-1: Ball
2-1: Ball
3-1: Called Strike
3-2: Reached on error, E5 (Groundball, 56, EV 109.4 MPH)
Edwin Valstar to third
Batting: LHB Jesús Arellano 0-0: Called Strike
0-1: DOUBLE (Flyball, 8RXD, EV 97.5 MPH)
Edwin Valstar scores
Haleem Muthomi to third
Batting: RHB Bruce Boyer 0-0: Ball
1-0: Ball
2-0: Swinging Strike
2-1: SINGLE (Line Drive, 4MD, EV 98.1 MPH)
Haleem Muthomi scores
Jesús Arellano to third
Batting: LHB Jack MacGruder 0-0: Ball
Wild Pitch!
Jesús Arellano scores
Bruce Boyer to second
1-0: Called Strike
1-1: Fly out, F7 (Flyball, 7, EV 83.1 MPH)
Bottom of the 2nd over - 3 runs, 3 hits, 1 error, 1 left on base; Atlanta 0 - San Diego 3
TOP OF THE 3RD
Atlanta Braves batting - Pitching for San Diego Padres : RHP Manny Sánchez
Batting: SHB Moromao Kogawa 0-0: Fly out, F7 (Flyball, 7LM, EV 91.3 MPH)
Batting: RHB Chee-hwa Loong 0-0: Swinging Strike
0-1: Foul Ball, location: 2F
0-2: Ball
1-2: Fly out, F5 (Popup, 5D, EV 60.0 MPH)
Batting: RHB Ramón Sánchez 0-0: Called Strike
0-1: Foul Ball, location: 2F
0-2: Ball
1-2: SINGLE (Flyball, 8RS, EV 91.3 MPH)
Batting: LHB Paco Valdés 0-0: Called Strike
0-1: Ball
1-1: Foul Ball, location: 2F
1-2: Ball
2-2: Ball
3-2: Foul Ball, location: 2F
3-2: Strikes out swinging
Top of the 3rd over - 0 runs, 1 hit, 0 errors, 1 left on base; Atlanta 0 - San Diego 3
BOTTOM OF THE 3RD
San Diego Padres batting - Pitching for Atlanta Braves : RHP Bob Barnes
Batting: LHB Kata Okada 0-0: Ball
1-0: Swinging Strike
1-1: Foul Ball, location: 2F
1-2: Ball
2-2: Foul Ball, location: 2F
2-2: Ball
3-2: Fly out, F5 (Popup, 5SF, EV 88.1 MPH)
Batting: RHB John Howe 0-0: Ball
1-0: Foul Ball, location: 2F
1-1: Ball
2-1: Ball
3-1: Called Strike
3-2: Strikes out looking
Batting: LHB Jorge Becerra 0-0: Called Strike
0-1: Ball
1-1: Swinging Strike
1-2: Ground out 4-3 (Groundball, 34D, EV 105.0 MPH)
Bottom of the 3rd over - 0 runs, 0 hits, 0 errors, 0 left on base; Atlanta 0 - San Diego 3
TOP OF THE 4TH
Atlanta Braves batting - Pitching for San Diego Padres : RHP Manny Sánchez
Batting: RHB Eric Honess 0-0: Ground out 1-3 (Groundball, P, EV 70.6 MPH)
Batting: SHB Lou MacDonald 0-0: Fly out, F7 (Flyball, 7D, EV 91.9 MPH)
Batting: RHB Eric Barthold 0-0: Called Strike
0-1: Swinging Strike
0-2: Ball
1-2: Strikes out swinging
Top of the 4th over - 0 runs, 0 hits, 0 errors, 0 left on base; Atlanta 0 - San Diego 3
BOTTOM OF THE 4TH
San Diego Padres batting - Pitching for Atlanta Braves : RHP Bob Barnes
Batting: LHB Nelson Parker 0-0: Ground out 1-3 (Groundball, P, EV 83.8 MPH)
Batting: RHB Edwin Valstar 0-0: Ball
1-0: Ground out 4-3 (Groundball, 4, EV 100.6 MPH)
Batting: RHB Haleem Muthomi 0-0: Fly out, F9 (Flyball, 9LDF, EV 89.4 MPH)
Bottom of the 4th over - 0 runs, 0 hits, 0 errors, 0 left on base; Atlanta 0 - San Diego 3
TOP OF THE 5TH
Atlanta Braves batting - Pitching for San Diego Padres : RHP Manny Sánchez
Batting: RHB Greg Thomas 0-0: Ball
1-0: Ball
2-0: Foul Ball, location: 2F
2-1: Foul Ball, location: 2F
2-2: Strikes out swinging
Batting: RHB Rich Robinson 0-0: SINGLE (Groundball, 15S, EV 70.0 MPH) (infield hit)
Batting: SHB Moromao Kogawa 0-0: Ball
1-0: Ball
2-0: SINGLE (Groundball, 4MD, EV 104.4 MPH)
Rich Robinson to second
Batting: RHB Chee-hwa Loong 0-0: Foul Ball, location: 2F
0-1: Ball
1-1: Grounds into double play, 5-4-3 (Groundball, 56, EV 106.9 MPH)
Top of the 5th over - 0 runs, 2 hits, 0 errors, 1 left on base; Atlanta 0 - San Diego 3
BOTTOM OF THE 5TH
San Diego Padres batting - Pitching for Atlanta Braves : RHP Bob Barnes
Batting: LHB Jesús Arellano 0-0: Foul Ball, location: 2F
0-1: Ground out 4-3 (Groundball, 4, EV 83.8 MPH)
Batting: RHB Bruce Boyer 0-0: Called Strike
0-1: Foul Ball, location: 2F
0-2: Ball
1-2: Foul Ball, location: 2F
1-2: Ball
2-2: Ball
3-2: Ground out 5-3 (Groundball, 56S, EV 78.1 MPH)
Batting: LHB Jack MacGruder 0-0: Ball
1-0: Fly out, F2 (Popup, 25F, EV 92.5 MPH)
Bottom of the 5th over - 0 runs, 0 hits, 0 errors, 0 left on base; Atlanta 0 - San Diego 3
TOP OF THE 6TH
Atlanta Braves batting - Pitching for San Diego Padres : RHP Manny Sánchez
Batting: RHB Ramón Sánchez 0-0: Fly out, F3 (Popup, 3SF, EV 81.9 MPH)
Batting: LHB Paco Valdés 0-0: Ground out U3 (Groundball, 3, EV 89.4 MPH)
Batting: RHB Eric Honess 0-0: Called Strike
0-1: Foul Ball, location: 2F
0-2: Ball
1-2: Strikes out looking
Top of the 6th over - 0 runs, 0 hits, 0 errors, 0 left on base; Atlanta 0 - San Diego 3
BOTTOM OF THE 6TH
San Diego Padres batting - Pitching for Atlanta Braves : RHP Bob Barnes
Batting: LHB Kata Okada 0-0: Called Strike
0-1: Ball
1-1: Called Strike
1-2: Ball
2-2: Ground out 4-3 (Groundball, 4M, EV 79.4 MPH)
Batting: RHB John Howe 0-0: Ball
1-0: Ball
2-0: Called Strike
2-1: Ball
3-1: Foul Ball, location: 2F
3-2: Foul Ball, location: 2F
3-2: Base on Balls
Batting: LHB Jorge Becerra 0-0: Foul Ball, location: 2F
0-1: Called Strike
0-2: Foul Ball, location: 2F
0-2: Ball
Pickoff Throw to First - Error! E1
John Howe to second
1-2: SINGLE (Groundball, 34S, EV 68.8 MPH) (infield hit)
John Howe to third
Pitching: RHP Johnny Knox
Batting: LHB Nelson Parker 0-0: SINGLE (Line Drive, 9S, EV 88.8 MPH)
John Howe scores
Jorge Becerra to second
Batting: RHB Edwin Valstar 0-0: Swinging Strike
0-1: Called Strike
0-2: Strikes out looking
Batting: RHB Haleem Muthomi 0-0: Ball
1-0: Ground out 1-3 (Groundball, 34S, EV 85.6 MPH)
Bottom of the 6th over - 1 run, 2 hits, 1 error, 2 left on base; Atlanta 0 - San Diego 4
TOP OF THE 7TH
Atlanta Braves batting - Pitching for San Diego Padres : RHP Manny Sánchez
Batting: SHB Lou MacDonald 0-0: Ball
1-0: Ball
2-0: Ball
3-0: Called Strike
3-1: Base on Balls
Batting: RHB Eric Barthold 0-0: Called Strike
0-1: Ball
1-1: Grounds into double play, 5-4-3 (Groundball, 56S, EV 79.4 MPH)
Batting: RHB Greg Thomas 0-0: Swinging Strike
0-1: Foul Ball, location: 2F
0-2: Ball
1-2: Ball
2-2: Foul Ball, location: 2F
2-2: Foul Ball, location: 2F
2-2: Ball
3-2: Strikes out swinging
Top of the 7th over - 0 runs, 0 hits, 0 errors, 0 left on base; Atlanta 0 - San Diego 4
BOTTOM OF THE 7TH
San Diego Padres batting - Pitching for Atlanta Braves : RHP Johnny Knox
Batting: LHB Jesús Arellano 0-0: Called Strike
0-1: Foul Ball, location: 2F
0-2: Ball
1-2: SINGLE (Flyball, 9S, EV 86.3 MPH)
Batting: RHB Bruce Boyer 0-0: Bunt - Flyout to 2L! F2
Batting: LHB Jack MacGruder 0-0: Ball
1-0: Swinging Strike
1-1: Ball
2-1: Ball
3-1: Grounds into double play, 6-4-3 (Groundball, 6, EV 86.3 MPH)
Bottom of the 7th over - 0 runs, 1 hit, 0 errors, 0 left on base; Atlanta 0 - San Diego 4
TOP OF THE 8TH
Atlanta Braves batting - Pitching for San Diego Padres : RHP Manny Sánchez
Now at 2B: Juan Flores
Now at 3B: Justin Mills
Batting: RHB Rich Robinson 0-0: DOUBLE (Line Drive, 8RXD, EV 112.5 MPH)
Batting: SHB Moromao Kogawa 0-0: Ball
1-0: Ball
2-0: Called Strike
2-1: Ball
3-1: Called Strike
3-2: Strikes out swinging
Pitching: RHP Aaron Rine
Batting: RHB Chee-hwa Loong 0-0: Called Strike
0-1: Ball
1-1: Ground out 6-3 (Groundball, 56, EV 98.1 MPH)
Batting: RHB Ramón Sánchez 0-0: Called Strike
0-1: Foul Ball, location: 2F
0-2: Ball
1-2: Ball
2-2: Strikes out swinging
Top of the 8th over - 0 runs, 1 hit, 0 errors, 1 left on base; Atlanta 0 - San Diego 4
BOTTOM OF THE 8TH
San Diego Padres batting - Pitching for Atlanta Braves : RHP Johnny Knox
Batting: LHB Kata Okada 0-0: Ball
1-0: Called Strike
1-1: Swinging Strike
1-2: Strikes out swinging
Batting: RHB John Howe 0-0: DOUBLE (Line Drive, 9LM, EV 100.0 MPH)
Batting: LHB Jorge Becerra 0-0: Ball
1-0: Called Strike
1-1: Ball
2-1: SINGLE (Groundball, 25, EV 70.0 MPH) (infield hit)
John Howe to third
Batting: LHB Nelson Parker 0-0: Ball
1-0: Called Strike
1-1: 3-RUN HOME RUN (Flyball, 9LD, EV 110.0 MPH), Distance : 343 ft
Batting: RHB Juan Flores 0-0: Fly out, F5 (Popup, 5SF, EV 77.5 MPH)
Pitching: RHP Fernando Sánchez
Batting: RHB Haleem Muthomi 0-0: Foul Ball, location: 2F
0-1: Ball
1-1: Ball
2-1: Fly out, F7 (Flyball, 78D, EV 93.8 MPH)
Bottom of the 8th over - 3 runs, 3 hits, 0 errors, 0 left on base; Atlanta 0 - San Diego 7
TOP OF THE 9TH
Atlanta Braves batting - Pitching for San Diego Padres : RHP Aaron Rine
Batting: LHB Paco Valdés 0-0: Called Strike
0-1: Ball
1-1: Ball
2-1: Foul Ball, location: 2F
2-2: Foul Ball, location: 2F
2-2: Ball
3-2: Foul Ball, location: 2F
3-2: Ground out 3-1 (Groundball, 34, EV 87.5 MPH)
Pinch Hitting: LHB David Molina 0-0: Foul Ball, location: 2F
0-1: Swinging Strike
0-2: Strikes out swinging
Batting: SHB Lou MacDonald 0-0: Ball
1-0: Called Strike
1-1: Foul Ball, location: 2F
1-2: Foul Ball, location: 2F
1-2: Ball
2-2: Ball
3-2: Base on Balls
Batting: RHB Eric Barthold 0-0: Ball
1-0: Foul Ball, location: 2F
1-1: Ball
2-1: Ground out U3 (Groundball, 34, EV 84.4 MPH)
Top of the 9th over - 0 runs, 0 hits, 0 errors, 1 left on base; Atlanta 0 - San Diego 7
Wednesday, December 18th, 2019 - OOTP Baseball 20.8 Build 73